 Dungeon Crawl Stone Soup version 0.31.0-32-g396128a36d (webtiles) character file.

Game seed: 14322748283305405222

2699 MysteronAgent1988 the Ducker (level 9, -9/62 HPs)
             Began as a Djinni Air Elementalist on Mar 11, 2024.
             Was a Follower of Nemelex Xobeh.
             Mangled by a hornet (17 damage)
             ... on level 7 of the Dungeon.
             The game lasted 00:24:22 (7065 turns).

MysteronAgent1988 the Ducker (DjAE)                 Turns: 7065, Time: 00:24:24

Health: -9/62      AC:  2    Str: 15    XL:     9   Next: 97%
Gold:   286        EV: 13    Int: 20    God:    Nemelex Xobeh [*.....] SH:  5 Dex: 13

rFire   + + .        u - +0 battleaxe (elec)
rCold   x . .        (shield currently unavailable)
rNeg    . . .        a - +0 robe
rPois   ∞            (no helmet)
rElec   .            (no cloak)
rCorr   .            (no gloves)
SInv    .            (boots unavailable)
Will    .....        h - amulet of reflection
Stlth   +++          m - +6 ring of strength
HPRegen 0.30/turn    (no ring)
MPRegen 0.00/turn

%: reflection, infuse magic (-10 HP)
@: on berserk cooldown, flying, very slightly contaminated, slowed, very slow
A: sickness immunity, fire resistance 2, cold vulnerability 1, float, innate
caster, HP casting, extra vitality 1
a: Renounce Religion, Draw Escape, Draw Destruction, Draw Summoning


You were on level 7 of the Dungeon.
You worshipped Nemelex Xobeh.
Nemelex Xobeh was aware of your devotion.
You visited 2 branches of the dungeon, and saw 8 of its levels.

You collected 286 gold pieces.

Inventory:

Hand Weapons
 b - a +2 whip of venom
 k - a +0 dagger
 u - a +0 battleaxe of electrocution (weapon)
Missiles
 e - 6 curare-tipped darts (quivered)
 j - 9 boomerangs
 v - a throwing net
Armour
 a - a +0 robe (worn)
Jewellery
 h - an amulet of reflection (around neck)
 m - a +6 ring of strength (left hand)
Wands
 d - a wand of flame (27)
 l - a wand of charming (12)
Scrolls
 n - a scroll of fog
 q - a scroll of torment
 r - a scroll of enchant weapon
Potions
 c - 3 potions of degeneration
 f - 2 potions of lignification {unknown}
 g - 2 potions of attraction
 i - 2 potions of enlightenment {unknown}
 p - a potion of brilliance {unknown}
 s - a potion of haste {unknown}
 t - a potion of cancellation {unknown}


   Skills:
 * Level 4.0 Fighting
 * Level 0.9(2.1) Axes
 - Level 3.1(3.2) Maces & Flails
 * Level 3.7 Throwing
 * Level 4.1 Armour
 * Level 5.0 Dodging
 * Level 4.2 Stealth
 + Level 1.1 Shields
 * Level 4.5 Spellcasting
 * Level 4.5 Conjurations
 * Level 4.5 Hexes
 * Level 4.5 Summonings
 * Level 4.5 Necromancy
 * Level 4.5 Translocations
 * Level 4.5 Fire Magic
 * Level 4.5 Ice Magic
 * Level 4.5 Air Magic
 * Level 4.5 Earth Magic
 * Level 4.5 Alchemy
 * Level 3.4 Invocations
 * Level 3.5 Evocations


You knew the following spells:

 Your Spells              Type           Power      Damage    Failure   Level
a - Shock                 Conj/Air       88%        1d8       1%          1
b - Static Discharge      Conj/Air       44%        3-5/arc   2%          2
c - Swiftness             Air            22%        N/A       5%          3
d - Airstrike             Air            11%        2d(2-18)  19%         4
e - Foxfire               Conj/Fire      88%        2x1d8     1%          1
f - Blink                 Tloc           44%        N/A       2%          2
g - Stone Arrow           Conj/Erth      44%        3d9       5%          3
h - Cause Fear            Hex            11%        N/A       19%         4
Your spell library was empty.

Dungeon Overview and Level Annotations

Branches:
Dungeon (7/15)             Temple (1/1) D:4

Altars:
Ashenzari
Cheibriados
Dithmenos
Gozag
Hepliaklqana
Makhleb
Nemelex Xobeh
Okawaru
Qazlal
Ru
Uskayaw
Wu Jian
Xom
Yredelemnul
Zin
The Shining One

Shops:
D:3 [


Innate Abilities, Weirdness & Mutations

You are immune to sickness and miasma.
You are immune to poison.
Your flesh is very heat resistant. (rF++)
You are vulnerable to cold. (rC-)
You float through the air rather than walking.
You learn spells naturally, not from books.
Your magical power is your life essence.
You have superior vitality. (+4 MHP)


Message History

Casting: Cause Fear (dangerous; 19% risk of failure)
Press: ? - help, Dir - look around, f - activate You miscast Cause Fear.
You are very lightly contaminated with residual magic.
You feel off-balance for a moment.
You feel yourself slow down. You block the hornet's attack.
Unknown command.
A red film seems to cover your vision as you go berserk!
You feel yourself moving faster!
You feel mighty! The hornet stings you. The hornet completely misses you.
You slash the hornet!
The hornet is moderately wounded.
The hornet stings you. The hornet misses you. You block the hornet's attack.
You miss the hornet.
The hornet is moderately wounded.
The hornet completely misses you. The hornet stings you.
You closely miss the hornet.
The hornet is moderately wounded.
The hornet misses you. The hornet stings you. The hornet closely misses you.
You barely miss the hornet.
The hornet is moderately wounded.
You block the hornet's attack. The hornet stings you!
You closely miss the hornet.
The hornet is moderately wounded.
The hornet stings you! You block the hornet's attack.
You closely miss the hornet.
The hornet is moderately wounded.
The hornet stings you! The hornet barely misses you. The hornet stings you!
* * * LOW HITPOINT WARNING * * *
You barely miss the hornet.
The hornet is moderately wounded.
You block the hornet's attack. The hornet stings you!
* * * LOW HITPOINT WARNING * * *
You slash the hornet!
The hornet is severely wounded.
You feel yourself speed up.
You are no longer berserk.
You are exhausted.
You feel yourself slow down. The hornet stings you!
You die...
Your body glows slightly and disappears.

####......#
#######........##
.#######.............##
....................##
....................#
..:........<.......##
##................#
##..........#####.##
#......@.....# ..#
#.......y........##
............##..#
............# #.#
###... #..........##
..# #..... ##.........#
.. ...... ##......###
......# ########
.......##


You could see a hornet.

Vanquished Creatures
  Pikel (D:6)
  Prince Ribbit (D:6)
  Grinder (D:6)
  2 sky beasts
  An ogre (D:5)
  4 phantoms
  A kobold brigand (D:6)
  Blork the orc (D:6)
  A bullfrog (D:6)
  6 scorpions
  2 howler monkeys
  3 bombardier beetles
  4 hounds
  A jelly (D:4)
  An orc priest (D:4)
  3 iguanas
  A sleepcap (D:4)
  2 orc wizards
  3 gnolls (D:4)
  7 adders
  A white imp (D:5)
  3 dart slugs
  4 ribbon worms
  21 orcs
  6 bats
  4 endoplasms
  3 giant cockroaches
  4 goblins
  3 hobgoblins
  2 jackals (D:1)
  3 quokkas
  4 ball pythons
  2 frilled lizards
  10 kobolds
  2 rats
118 creatures vanquished.

Vanquished Creatures (collateral kills)
  An ogre (D:4)
1 creature vanquished.

Vanquished Creatures (others)
  A gnoll (D:4)
  31 foxfires
32 creatures vanquished.

Grand Total: 151 creatures vanquished

Notes
Turn   | Place    | Note
-------+----------+-------------------------------------------
     0 | D:1      | MysteronAgent1988 the Djinni Air Elementalist began the
                  | quest for the Orb.
     0 | D:1      | MysteronAgent1988 set off with the following spells
                  | memorised: Shock, Static Discharge, Swiftness, Airstrike.
     0 | D:1      | Reached XP level 1. HP: 15/15 MP: 0/0
   180 | D:1      | Reached XP level 2. HP: 20/21 MP: 0/0
   651 | D:2      | Reached XP level 3. HP: 26/26 MP: 0/0
   651 | D:2      | Learned a level 1 spell: Foxfire
   992 | D:2      | Reached XP level 4. HP: 31/31 MP: 0/0
  1116 | D:2      | Reached skill level 1 in Fighting
  1116 | D:2      | Reached skill level 1 in Armour
  1337 | D:3      | Found Jiqov's Antique Armour Shoppe.
  1362 | D:3      | Reached skill level 1 in Throwing
  1396 | D:3      | Reached XP level 5. HP: 26/37 MP: 0/0
  1396 | D:3      | Learned a level 2 spell: Blink
  1543 | D:3      | Found an ornate altar of the Wu Jian Council.
  2102 | D:3      | Reached skill level 1 in Maces & Flails
  2102 | D:3      | Reached skill level 3 in Dodging
  2378 | D:4      | Reached XP level 6. HP: 34/43 MP: 0/0
  2596 | D:4      | Found a staircase to the Ecumenical Temple.
  2760 | Temple   | Entered the Ecumenical Temple
  2809 | Temple   | Became a worshipper of Nemelex Xobeh the Trickster
  2868 | D:4      | Noticed an ogre
  2875 | D:4      | Killed an ogre
  2876 | D:4      | Reached XP level 7. HP: 46/49 MP: 0/0
  2876 | D:4      | Learned a level 3 spell: Stone Arrow
  3094 | D:4      | Reached skill level 1 in Evocations
  3150 | D:4      | Found an opulent altar of Gozag.
  3454 | D:4      | Reached skill level 1 in Invocations
  3563 | D:5      | Entered Level 5 of the Dungeon
  3744 | D:5      | Reached XP level 8. HP: 31/55 MP: 0/0
  4364 | D:5      | Reached skill level 4 in Dodging
  5013 | D:6      | Noticed Pikel
  5028 | D:6      | Killed Pikel
  5029 | D:6      | Reached XP level 9. HP: 19/61 MP: 0/0
  5029 | D:6      | Learned a level 4 spell: Cause Fear
  5184 | D:6      | Reached * piety under Nemelex Xobeh
  5518 | D:6      | Received a gift from Nemelex Xobeh
  5658 | D:6      | Noticed Blork the orc
  5679 | D:6      | Killed Blork the orc
  5709 | D:6      | Reached skill level 1 in Shields
  5802 | D:6      | Noticed Prince Ribbit
  5832 | D:6      | Killed Prince Ribbit
  6010 | D:6      | Noticed Grinder
  6019 | D:6      | Paralysed by Grinder for 4 turns
  6032 | D:6      | Killed Grinder
  6235 | D:6      | Reached skill level 5 in Dodging
  7051 | D:7      | Noticed a hornet
  7065 | D:7      | Mangled by a hornet

Illustrated notes

Levels and vault maps discovered:
D:1:      saegor_arrival_simple_c, layout_rooms
D:2:      layout_loops_ring
D:3:      layout_basic, marbit_many_paths, serial_shops,
          nicolae_shop_overgrown_old_shop
D:4:      layout_gridville, lemuel_doored_altar, minmay_temple_entry_grid
D:5:      layout_loops_corners
D:6:      layout_loops_cross, kennysheep_generic_room_9, uniq_grinder,
          uniq_prince_ribbit1, uniq_blork_the_orc, uniq_pikel
D:7:      lemuel_ratsnest, layout_cave_pods
Temple:   bh_familiar_temple

Skill      XL: |  1  2  3  4  5  6  7  8  9 |
---------------+----------------------------+-----
Stealth        | 2 3 4 |  4.2
Fighting       | 1 2 3 4 |  4.0
Armour         | 1 2 3 4 |  4.1
Throwing       | 1 2 3 |  3.7
Maces & Flails | 1 2 3 |  3.1
Dodging        | 3 4 5 |  5.0
Evocations     | 1 2 3 |  3.5
Invocations    | 1 2 3 |  3.4
Spellcasting   | 4 |  4.5
Conjurations   | 4 |  4.5
Hexes          | 4 |  4.5
Summonings     | 4 |  4.5
Necromancy     | 4 |  4.5
Translocations | 4 |  4.5
Fire Magic     | 4 |  4.5
Ice Magic      | 4 |  4.5
Air Magic      | 4 |  4.5
Earth Magic    | 4 |  4.5
Alchemy        | 4 |  4.5
Shields        | 1 |  1.1
Axes           | |  0.9

Action                     |  1- 3 |  4- 6 |  7- 9 || total
---------------------------+-------+-------+-------++-------
  Melee: Whip              |     1 |    26 |    36 ||    63
         Punch             |       |       |     2 ||     2
         Battleaxe         |       |       |    25 ||    25
  Throw: Javelin           |    20 |    43 |    15 ||    78
         Dart              |       |       |     1 ||     1
   Cast: Shock             |    22 |    10 |     3 ||    35
         Static Discharge  |     7 |    29 |    48 ||    84
         Foxfire           |       |     9 |     9 ||    18
         Stone Arrow       |       |       |    33 ||    33
         Blink             |       |       |     1 ||     1
         Cause Fear        |       |       |     1 ||     1
  Evoke: Wand              |       |     2 |       ||     2
    Use: Scroll            |     6 |     2 |    10 ||    18
         Potion            |     1 |       |     4 ||     5
   Stab: Sleeping          |       |       |     2 ||     2
 Armour: Robe              |    15 |    51 |   132 ||   198
  Dodge: Dodged            |    11 |    29 |    69 ||   109
  Block: Other             |     2 |    14 |    27 ||    43
         Reflection        |       |     1 |       ||     1
